 Dungeon Crawl Stone Soup version 0.26.0-7-g794d0892b4 (webtiles) character file.

Game seed: 11897438284693365701

478 jackrogers the Cudgeller (level 7, -2/70 HPs)
             Began as an Ogre Berserker on Jan 12, 2021.
             Was a Believer of Trog.
             Splashed by a jelly's acid (7 damage)
             ... on level 4 of the Dungeon.
             The game lasted 00:03:29 (3799 turns).

jackrogers the Cudgeller (Ogre Berserker)           Turns: 3799, Time: 00:03:30

Health: -2/70      AC: -12   Str: 24    XL:     7   Next: 11%
Magic:  7/7        EV: 10    Int:  8    God:    Trog [**....]
Gold:   172        SH:  0    Dex:  8    Spells: 6/6 levels left

rFire    . . .     SeeInvis .   r - +1 mace (venom)
rCold    . . .     Faith    .   (no shield)
rNeg     . . .     Spirit   .   b - +1 animal skin
rPois    .         Reflect  .   (helmet restricted)
rElec    .         Harm     .   (no cloak)
rCorr    .         Rampage  .   (gloves unavailable)
Will     .....                  (boots unavailable)
Stlth    +.........             (no amulet)
HPRegen  0.21/turn              (no ring)
MPRegen  0.10/turn              (no ring)

@: lethally poisoned (-2 -> -3), corroded
A: large, unfitting armour, tough skin 1
a: Renounce Religion, Berserk, Trog's Hand


You were on level 4 of the Dungeon.
You worshipped Trog.
Trog was pleased with you.
You visited 1 branch of the dungeon, and saw 4 of its levels.

You collected 172 gold pieces.

Inventory:

Hand Weapons
 a - a +0 mace
 r - a +1 mace of venom (weapon)
   (You took it off an orc on level 4 of the Dungeon)
Armour
 b - a +1 animal skin (worn)
Jewellery
 i - an uncursed ring of teleportation {+/*tele, !d}
   (You found it on level 2 of the Dungeon)
 o - an uncursed ring of attention
   (You found it on level 3 of the Dungeon)
Wands
 n - a wand of polymorph (4)
   (You took it off Sigmund on level 2 of the Dungeon)
Scrolls
 c - a scroll of identify
 l - a scroll of enchant armour
 p - 2 scrolls of fog
 q - a scroll of random uselessness {unknown}
Potions
 d - 3 potions of heal wounds {unknown}
 e - 2 potions of flight
 f - a potion of haste {unknown}
 g - 2 potions of brilliance
 h - a potion of resistance {unknown}
 j - a potion of curing {unknown}
 k - a potion of might {unknown}
 m - a potion of attraction {unknown}


   Skills:
 - Level 4.0 Fighting
 + Level 7.2 Maces & Flails
 - Level 2.6 Dodging


You had 6 spell levels left.
You didn't know any spells.
Your spell library was empty.

Dungeon Overview and Level Annotations

Branches:
Dungeon (4/15)
 Temple: D:4-7

Altars:
Yredelemnul
The Shining One

Annotations:
D:4 exclusion: jelly


Innate Abilities, Weirdness & Mutations

You are too large for most types of armour.
You have tough skin. (AC +1)


Message History

Spoiler Alert: The phantom can hit for moderate damage in melee and blinks!
You miss the phantom.
The phantom blinks!
You see here a frilled lizard corpse.
You hit the phantom.
The phantom blinks!
You barely miss the phantom.
The phantom hits you but does no damage.
You closely miss the phantom. The phantom closely misses you.
Spoiler Alert: The phantom can hit for moderate damage in melee and blinks!
You barely miss the phantom. The phantom closely misses you.
You barely miss the phantom. The phantom barely misses you.
You closely miss the phantom.
The phantom hits you but does no damage.
The phantom closely misses you.
You barely miss the phantom. The phantom completely misses you.
Spoiler Alert: The phantom can hit for moderate damage in melee and blinks!
You hit the phantom.
The phantom blinks!
The phantom blinks!
You hit the phantom. The phantom hits you!
You barely miss the phantom.
The phantom hits you but does no damage.
You barely miss the phantom. The phantom hits you.
* * * LOW HITPOINT WARNING * * *
Spoiler Alert: The phantom can hit for moderate damage in melee and blinks!
You hit the phantom but do no damage. The phantom closely misses you.
You barely miss the phantom. The phantom barely misses you.
You sock the phantom!
You destroy the phantom!
Trog accepts your kill.
Your Maces & Flails skill increases to level 7!
You have reached level 7!
You start resting.
Found a stone staircase leading down.
You now have 164 gold pieces (gained 9).
Found a stone staircase leading up.
You now have 172 gold pieces (gained 8).
p - 2 scrolls of fog (gained 1)
An adder and a jelly come into view.
Spoiler Alert: The jelly (asleep) can corrode equipment in melee!
There are monsters nearby!
Spoiler Alert: The jelly (asleep) can corrode equipment in melee!
There are monsters nearby!
Spoiler Alert: The jelly (asleep) can corrode equipment in melee!
Spoiler Alert: The jelly (asleep) can corrode equipment in melee!
Unknown command.
Spoiler Alert: The jelly (asleep) can corrode equipment in melee!
The adder hisses angrily.
An adder is nearby!
An adder is nearby!
An adder is nearby!
Unknown command.
An adder is nearby!
An adder is nearby!
Spoiler Alert: The jelly (wandering) can corrode equipment in melee!
The jelly quivers.
Spoiler Alert: The jelly can corrode equipment in melee!
Really walk into a travel-excluded area? [Y]es or [N]o only, please.
Really walk into a travel-excluded area? [Y]es or [N]o only, please.
Really walk into a travel-excluded area? [Y]es or [N]o only, please.
Really walk into a travel-excluded area?
Okay, then.
The adder closely misses you.
Spoiler Alert: The jelly can corrode equipment in melee!
You miss the adder. The adder barely misses you.
You hit the adder. The adder barely misses you.
You hit the adder.
The adder is poisoned.
The adder closely misses you. The jelly hits you but does no damage.
The adder completely misses you. The adder barely misses you.
You closely miss the adder. The adder bites you. x2
You are poisoned.
The adder poisons you!
Spoiler Alert: The jelly can corrode equipment in melee!
You barely miss the adder.
You feel sick. The adder bites you.
You barely miss the adder.
You kill the adder!
Trog accepts your kill.
You barely miss the jelly. The jelly hits you. The acid corrodes you!
You are splashed with acid!
Spoiler Alert: The jelly can corrode equipment in melee!
You hit the jelly but do no damage.
Your hands burn!
You feel sick. The jelly closely misses you.
You hit the jelly.
Your hands burn!
The jelly barely misses you.
You sock the jelly!
Your hands burn!
The jelly hits you. The acid corrodes you!
You are splashed with acid!
You hit the jelly but do no damage.
Your hands burn!
You feel sick. The jelly hits you.
You are splashed with acid!
* * * LOW HITPOINT WARNING * * *
Spoiler Alert: The jelly can corrode equipment in melee!
You hit the jelly but do no damage. The acid corrodes you!
Your hands burn!
* * * LOW HITPOINT WARNING * * *
The jelly hits you.
* * * LOW HITPOINT WARNING * * *
The acid corrodes you!
You are splashed with acid!
* * * LOW HITPOINT WARNING * * *
The jelly hits you.
* * * LOW HITPOINT WARNING * * *
The acid corrodes you!
You are splashed with acid!
You die...

...## ....# ....#
....########
...###..<..# ...
...........# ....
.##.##.....#######
#..=?
.##.####.........#
J..!
###.#####...####@#
... ..
............##
#J##.#....
####..#####..#
#......... #.
##.###..#.##..
#.##...# #
#.....#..#
#.........#.##
####........#
#.#.##......


You could see a jelly.

Vanquished Creatures
  Sigmund (D:2)
  A black bear (D:4)
  A phantom (D:4)
  3 gnolls (D:3)
  5 adders
  A worm (D:3)
  A dart slug (D:2)
  A leopard gecko (D:2)
  5 orcs (D:4)
  2 ball pythons
  2 giant cockroaches
  5 goblins
  7 hobgoblins
  8 jackals
  7 bats
  5 frilled lizards
  2 gnoll zombies (D:3)
  4 kobolds
  6 rats
67 creatures vanquished.

Notes
Turn   | Place    | Note
-------+----------+-------------------------------------------
     0 | D:1      | jackrogers the Ogre Berserker began the quest for the Orb.
     0 | D:1      | Reached XP level 1. HP: 24/24 MP: 1/1
   381 | D:1      | Reached skill level 3 in Maces & Flails
   449 | D:1      | Reached XP level 2. HP: 19/32 MP: 2/2
   472 | D:1      | HP: 8/32 [jackal (2)]
  1401 | D:2      | Reached XP level 3. HP: 36/39 MP: 3/3
  1404 | D:2      | Reached ** piety under Trog
  1493 | D:2      | Reached skill level 4 in Maces & Flails
  1767 | D:2      | Reached XP level 4. HP: 48/48 MP: 4/4
  1945 | D:2      | Noticed Sigmund
  1952 | D:2      | Killed Sigmund
  1953 | D:2      | Reached skill level 5 in Maces & Flails
  1953 | D:2      | Reached XP level 5. HP: 54/54 MP: 5/5
  2128 | D:3      | Reached XP level 6. HP: 60/62 MP: 6/6
  2138 | D:3      | Reached skill level 6 in Maces & Flails
  2892 | D:3      | Found a glowing golden altar of the Shining One.
  3014 | D:3      | Found a basalt altar of Yredelemnul.
  3396 | D:4      | Noticed a black bear
  3396 | D:4      | Noticed a phantom
  3416 | D:4      | Killed a black bear
  3482 | D:4      | Killed a phantom
  3483 | D:4      | Reached skill level 7 in Maces & Flails
  3483 | D:4      | Reached XP level 7. HP: 19/70 MP: 7/7
  3798 | D:4      | HP: 17/70 [acid (9)]
  3799 | D:4      | HP: 7/70 [acid (7)]
  3799 | D:4      | Splashed by a jelly's acid

Illustrated notes

Levels and vault maps discovered:
D:1:      saegor_arrival_miasma, layout_basic, nrook_mini_vaults
D:2:      layout_loops_cross, uniq_sigmund
D:3:      layout_loops_cross, lemuel_round_altar,
          lemuel_zombie_altar_yredelemnul, grunt_ministairs_6
D:4:      layout_rooms, gammafunk_temple_overflow_forgotten, goddamned_bats

Skill      XL: |  1  2  3  4  5  6 |
---------------+-------------------+-----
Maces & Flails | 3 4 5 7 |  7.2
Fighting       | |  4.0
Dodging        | |  2.6

Action                   |  1- 3 |  4- 6 |  7- 9 || total
-------------------------+-------+-------+-------++-------
Melee: Mace              |   103 |   144 |    12 ||   259
Invok: Berserk           |       |     1 |       ||     1
  Use: Scroll            |     5 |     5 |       ||    10
Armor: Animal skin       |    44 |    36 |     1 ||    81
Dodge: Dodged            |    78 |    86 |     8 ||   172

Table legend: (Time is in decaauts)
 A = Elapsed time spent in this place.
 B = Non-inter-level travel time spent in this place.
 C = Inter-level travel time spent in this place.
 D = Time resting spent in this place.
 E = Time spent auto-exploring this place.
 F = Levels seen in this place.
 G = Mean time per level.
                   A        B        C        D        E       F      G
               +--------+--------+--------+--------+--------+-----+--------+
         Total |   3836 |   3780 |     56 |    778 |   2450 |   4 |  959.0 |
       Dungeon |   3836 |   3780 |     56 |    778 |   2450 |   4 |  959.0 |
               +--------+--------+--------+--------+--------+-----+--------+

Top non-repeatable levels by time:
     D:1: 1360 daAuts
     D:3: 1066 daAuts
     D:2: 781 daAuts
     D:4: 627 daAuts

Table legend:
 A = Kills in this place as a percentage of kills in entire the game.
 B = Kills by you in this place as a percentage of kills by you in the entire game.
 C = Kills by friends in this place as a percentage of kills by friends in the entire game.
 D = Other kills in this place as a percentage of other kills in the entire game.
 E = Experience gained in this place as a percentage of experience gained in the entire game.
 F = Experience gained in this place divided by the number of levels of this place that you have seen.
                   A       B       C       D       E      F
               +-------+-------+-------+-------+-------+----------------------
         Total | 100.0 | 100.0 |   N/A |   N/A | 100.0 | 170.8
       Dungeon | 100.0 | 100.0 |   N/A |   N/A | 100.0 | 170.8
               +-------+-------+-------+-------+-------+----------------------
